Unix NetHack Version 3.7.0-53 Work-in-progress - last build Apr 18 2022 03:42:42 (02b85442fffe0e2954e411e09df771b56fe27bbc,branch:master). Game began 2022-04-19 17:16:18, ended 2022-04-24 15:04:40. tmkrth, lawful female human Samurai ----- ------ #.>..| |...^| #|...| #-....| #|...| #----.- #|...| a #----- @ # # # #### # -|--.--### |.....|# |..:..|# |......# |.....| |....[| -|----- ^ Tmkrth the Kunoichi St:25 Dx:14 Co:18 In:10 Wi:7 Ch:7 Lawful S:3622 Dlvl:8 $:390 HP:0(72) Pw:23(23) AC:3 Xp:7/683 T:3879 Latest messages: You climb up the stairs. You climb up the stairs. What do you want to drop? [$cdfgi-lp-ru-zA-DM or ?*] Never mind. Something is written here in the dust. You read: "\ ?? ? ? ??r". You find a hidden door. This door is locked. Unlock it with your osaku? [yn] (n) You succeed in picking the lock. The door opens. The soldier ant bites! The soldier ant stings! The soldier ant bites! The soldier ant just misses! The soldier ant misses! The soldier ant misses! The soldier ant bites! The soldier ant stings! You hit the soldier ant! The soldier ant misses! The soldier ant misses! You miss the soldier ant. You miss the soldier ant. The soldier ant bites! The soldier ant stings! You hit the soldier ant! The soldier ant bites! The soldier ant stings! You kill the soldier ant! Welcome to experience level 7. You kill the quasit! You hit the fire ant! The fire ant turns to flee. You hit the soldier ant! You hit the soldier ant! The soldier ant turns to flee. A gush of water hits the fire ant's right forelimb! You miss the soldier ant. You hit the soldier ant! The soldier ant bites! The soldier ant stings! You hit the soldier ant! The soldier ant misses! The soldier ant misses! You miss the soldier ant. The soldier ant just misses! The soldier ant stings! The soldier ant bites! You die... Major events: Turn 1: tmkrth the lawful female human Samurai entered the dungeon 829: attained the rank of Ronin (level 3) 1301: entered the Gnomish Mines 2164: attained the rank of Kunoichi (level 6) 3879: killed by a soldier ant Inventory: Coins ('$') $ - 390 gold pieces Weapons (')') c - a +0 katana (weapon in hand) d - 12 +0 ya f - a +0 yumi l - 28 +0 arrows (in quiver) Armor ('[') g - an uncursed +0 dwarvish cloak r - an uncursed +0 pair of fumble boots y - an uncursed +0 elven cloak z - an uncursed +0 elven leather helm A - an uncursed +0 orcish helm (being worn) B - an uncursed rusty +0 pair of gauntlets of power (being worn) C - an uncursed rustproof +0 splint mail (being worn) Comestibles ('%') p - 3 uncursed gunyoki v - an uncursed cream pie Scrolls ('?') j - an uncursed scroll of confuse monster x - an uncursed scroll of gold detection Spellbooks ('+') D - an uncursed spellbook of detect treasure Potions ('!') q - a cursed potion of sleeping Rings ('=') u - an uncursed ring of slow digestion Tools ('(') k - an uncursed osaku w - a +0 pick-axe Gems/Stones ('*') i - an uncursed worthless piece of yellow glass M - an uncursed flint stone Tmkrth the Samurai's attributes: Background: You were a Kunoichi, a level 7 female human Samurai. You were lawful, nominally on a mission for Amaterasu Omikami who was opposed by Raijin (neutral) and Susanowo (chaotic). You were in the Dungeons of Doom, on level 8. You entered the dungeon 3879 turns ago. You had 683 experience points, 597 more were needed to attain level 8. Your score was 3622 before end-of-game adjustments. Basics: You had 0 out of 72 hit points. You had all 23 energy points (spell power). Your armor class was 3. Your wallet contained 390 zorkmids. Autopickup was on for '$' plus thrown. Final Characteristics: Your strength was 25 (base:17, peak:18/02, innate limit:18/100). Your dexterity was 14 (limit:18). Your constitution was 18 (limit:18). Your intelligence was 10 (limit:18). Your wisdom was 7 (limit:18). Your charisma was 7 (limit:18). Final Status: You were not hungry. You were unencumbered. You were wielding a long sword. You had basic skill with long sword and could have enhanced that. Final Attributes: You were piously aligned. You were telepathic. You were warded. You were fast. You are dead. Miscellaneous: You encountered 2 bones levels. Total elapsed playing time was 1 hour, 24 minutes and 5 seconds. Vanquished creatures: 2 leprechauns a snake a Woodland-elf a soldier ant an imp a quasit 3 Mordor orcs a rock mole a pony a fog cloud a yellow light 4 gnome leaders a straw golem 5 giant ants 2 little dogs 4 floating eyes 2 dwarves 2 wererats 2 werejackals an iguana 3 acid blobs 4 manes a large kobold a hobgoblin 2 giant rats a cave spider a red mold 14 gnomes a gecko 6 jackals a fox 3 goblins a sewer rat 4 grid bugs 5 lichens a kobold zombie 4 newts 90 creatures vanquished. No species were genocided or became extinct. Voluntary challenges: You were an atheist. You read items or engraved 1 time. You never engraved Elbereth. You never genocided any monsters. You never polymorphed an object. You never changed form. You used no wishes. Achievements: You entered a shop. You attained the rank of Ronin. You entered the Gnomish Mines. You attained the rank of Kunoichi. The Dungeons of Doom: levels 1 to 11 Level 1: A fountain. Level 2: Level 3: "vault, stash" An armor shop, a fountain. Level 4: A sink. Stairs down to The Gnomish Mines. Level 5: Many fountains. Oracle of Delphi. Level 8: <- You were here. Final resting place for you, killed by a soldier ant, Dewzmint-Pri-Hum-Mal-Law, killed by a soldier ant. Level 9: A fountain. Level 10: A fountain. Level 11: Summoned by Lord Sato. The Gnomish Mines: levels 5 to 7 Level 5: Level 6: Level 7: Final resting place for Dewzmint-Pri-Hum-Mal-Law, killed by a hill orc, peterg-Arc-Gno-Fem-Neu, killed by a small mimic, peterg-Arc-Dwa-Mal-Law, killed by a giant mimic. Game over: ---------- / \ / REST \ / IN \ / PEACE \ / \ | tmkrth | | 390 Au | | killed by a | | soldier ant | | | | | | 2022 | *| * * * | * _________)/\\_//(\/(/\)/\//\/|_)_______ Sayonara tmkrth the Samurai... You died in The Dungeons of Doom on dungeon level 8 with 3583 points, and 390 pieces of gold, after 3879 moves. You were level 7 with a maximum of 72 hit points when you died.